 Dungeon Crawl Stone Soup version 0.13.0-18-g7b03ea5 (webtiles) character file.

483 4tharraofdagon the Chopper (level 6, -11/91 HPs)
             Began as a Troll Berserker on Oct 22, 2013.
             Was a Priest of Trog.
             Mangled by an orc warrior
             ... wielding a -1,+1 orcish long sword
              (13 damage)
             ... on Level 7 of the Dungeon.
             The game lasted 00:04:21 (1049 turns).

4tharraofdagon the Chopper (Troll Berserker)        Turns: 1049, Time: 00:04:21

HP -11/91        AC  5     Str 33      XL: 6   Next: 58%
MP   2/2         EV 10     Int  3      God: Trog [***...]
Gold 73          SH  0     Dex  9      Spells:  0 memorised,  5 levels left

Res.Fire  : . . .   See Invis. : .   y - +1,+3 dwarf hand axe
Res.Cold  : . . .   Warding    : .   m - +0 robe (curse)
Life Prot.: . . .   Conserve   : .   (shield restricted)
Res.Poison: .       Res.Corr.  : .   (helmet restricted)
Res.Elec. : .       Clarity    : .   (no cloak)
Sust.Abil.: . .     Spirit.Shd : .   (gloves unavailable)
Res.Mut.  : .       Stasis     : .   (boots unavailable)
Res.Rott. : .       Flight     : .   n - amulet of rage
Gourmand  : +                        (no ring)
                                     (no ring)

@: berserking (expiring), very quick, slightly resistant to hostile
enchantments, extremely unstealthy
A: unfitting armour, claws 3, fast metabolism 3, gourmand, regeneration 2,
saprovore 2, tough skin 2, AC +1
a: Burn Spellbooks, Berserk, Trog's Hand, Renounce Religion, Evoke Berserk Rage


You were on level 7 of the Dungeon.
You worshipped Trog.
Trog was most pleased with you.
You were full.

You visited 1 branch of the dungeon, and saw 7 of its levels.

You collected 53 gold pieces.

Inventory:

Hand weapons
 a - a +0,+0 hand axe {=f}
 g - a +0,+0 hand axe (quivered)
 x - a +0,+0 war axe
 y - a +1,+3 dwarven hand axe (weapon)
Armour
 b - a +0 animal skin
 m - a cursed +0 robe (worn)
Magical devices
 z - a wand of frost (10)
 A - a wand of teleportation (0)
Comestibles
 c - 5 meat rations
 k - an apple
 o - a bread ration
Scrolls
 d - a scroll of curse armour {unknown}
 e - a scroll of curse weapon {unknown}
 f - a scroll of enchant weapon II {unknown}
 i - 3 scrolls of identify {unknown}
 j - 5 scrolls of recharging {unknown}
 q - a scroll of blinking {unknown}
 r - a scroll of enchant armour {unknown}
 t - 2 scrolls of remove curse {unknown}
 u - 3 scrolls of teleportation {unknown}
 w - a scroll of magic mapping {unknown}
Jewellery
 n - an amulet of rage (around neck)
Potions
 h - 2 potions of heal wounds {unknown}
 p - a potion of curing {unknown}
 s - a potion of agility {unknown}
 v - a potion of restore abilities {unknown}
Miscellaneous
 l - a plain deck of destruction


   Skills:
 - Level 2.4 Fighting
 * Level 6.2 Axes
 - Level 2.6 Dodging


You had 5 spell levels left.
You didn't know any spells.

Dungeon Overview and Level Annotations

Branches:
Dungeon (7/27)                Orc (0/4) D:7
 Temple: D:4-7

Altars:
Fedhas
Nemelex Xobeh

Shops:
D:7 [


Innate Abilities, Weirdness & Mutations

You are too large for most types of armour.
You have claws for hands.
Your metabolism is lightning-fast.
You like to eat raw meat.
You heal very quickly.
You can eat rotten meat.
You are covered in fur (AC +1).
You have very tough skin (AC +2).


Message History

You slash the orc!
You kill the orc!
Trog accepts your kill.
You slash the orc wizard!
You kill the orc wizard!
Trog accepts your kill.
Trog appreciates your killing of a magic user.
You closely miss the orc warrior.
The orc warrior is severely wounded.
The orc warrior hits you with an orcish long sword.
* * * LOW HITPOINT WARNING * * *
Unknown command.
You closely miss the orc warrior.
The orc warrior is heavily wounded.
Unknown command.
Unknown command.
You barely miss the orc warrior.
The orc warrior is heavily wounded.
The orc warrior hits you with an orcish long sword!
You die...

. #.....<.... ....
#.......... .>...
########+## ......
.$.∩.$.
.......############+##
....$......##........#
.......ooo..##.......)#
.##...)@...#.........#
#......)..)).(........#
###.........#........+
#........##........#
#........##........#
####################


You could see an orc warrior, an orc priest and an orc.

Vanquished Creatures
  An orc warrior (D:7)
  A crimson imp (D:6)
  A jelly (D:7)
  2 orc wizards
  4 worker ants
  4 adders
  A worm (D:4)
  A giant mite (D:5)
  2 giant geckos
  13 orcs
  3 giant cockroaches
  3 hobgoblins (D:4)
  A quokka (D:2)
  5 bats
  A giant gecko skeleton (D:4)
  2 giant newts
  5 goblins
  3 kobolds
  A quokka skeleton (D:5)
  3 rats
57 creatures vanquished.

Notes
Turn   | Place    | Note
--------------------------------------------------------------
     0 | D:1      | 4tharraofdagon, the Troll Berserker, began the quest for the Orb.
     0 | D:1      | Reached XP level 1. HP: 23/23 MP: 0/0
   169 | D:2      | Reached XP level 2. HP: 24/31 MP: 0/0
   171 | D:2      | Reached skill level 3 in Axes
   250 | D:2      | Found a blossoming altar of Fedhas.
   294 | D:2      | Found a sparkling altar of Nemelex Xobeh.
   306 | D:2      | Reached XP level 3. HP: 25/37 MP: 1/1
   453 | D:4      | Reached skill level 4 in Axes
   523 | D:4      | Reached XP level 4. HP: 46/46 MP: 1/1
   679 | D:4      | Acquired Trog's second power
   684 | D:4      | Reached XP level 5. HP: 41/53 MP: 1/1
   721 | D:5      | Entered Level 5 of the Dungeon
   749 | D:5      | Reached skill level 5 in Axes
   988 | D:7      | Reached XP level 6. HP: 61/61 MP: 2/2
  1027 | D:7      | Noticed an orc warrior
  1028 | D:7      | Found Taerug's Armour Boutique.
  1030 | D:7      | Found a staircase to the Orcish Mines.
  1030 | D:7      | Noticed an orc warrior
  1045 | D:7      | Killed an orc warrior
  1045 | D:7      | Reached skill level 6 in Axes
  1047 | D:7      | HP: 1/91 [orc warrior/orcish long sword (6)]
  1049 | D:7      | Mangled by an orc warrior

Action                   |  1- 3 |  4- 6 || total
-------------------------+-------+-------++-------
Melee: Hand axe          |    84 |    64 ||   148
       War axe           |       |    34 ||    34
Invok: Berserk           |     2 |     4 ||     6
Evoke: Wand              |       |     3 ||     3
